 Dungeon Crawl Stone Soup version 0.20-a0-947-g2784f4f (webtiles) character file.

18559 hittemvvvvvhard the Cleaver (level 12, 0/106 HPs)
             Began as a Minotaur Artificer on Apr 3, 2017.
             Was a Priest of Trog.
             Slain by a two-headed ogre
             ... wielding a +0 giant spiked club
              (4 damage)
             ... on level 1 of the Orcish Mines.
             The game lasted 00:42:42 (16099 turns).

hittemvvvvvhard the Cleaver (Minotaur Artificer)   Turns: 16099, Time: 00:42:42

Health: 0/106      AC: 13    Str: 21    XL:     12   Next: 28%
Magic:  14/14      EV: 10    Int:  8    God:    Trog [***...]
Gold:   798        SH:  0    Dex: 12    Spells: 11/11 levels left

rFire    + . .     SeeInvis +   a - +0 executioner's axe
rCold    + . .     Gourm    +   (shield currently unavailable)
rNeg     . . .     Faith    .   I - +0 plate armour {rF+}
rPois    .         Spirit   .   (helmet restricted)
rElec    .         Reflect  .   (no cloak)
rCorr    .         Harm     .   (no gloves)
MR       ++...                  (no boots)
Stlth    ..........             g - amulet of the gourmand
Regen    1.3/turn               H - ring of see invisible
MPRegen  0.2/turn               u - ring of protection from cold

@: exhausted, about to teleport, regenerating, slowed, very slow
A: retaliatory headbutt, horns 2
a: Berserk, Trog's Hand, Burn Spellbooks, Renounce Religion


You were on level 1 of the Orcish Mines.
You worshipped Trog.
Trog was most pleased with you.
You were full.

You visited 3 branches of the dungeon, and saw 14 of its levels.

You collected 1080 gold pieces.
You spent 282 gold pieces at shops.

Inventory:

Hand Weapons
 a - a +0 executioner's axe (weapon)
 b - a +0 dire flail of protection
Missiles
 P - 2 throwing nets (quivered)
Armour
 I - a +0 plate armour of fire resistance (worn)
Jewellery
 g - an amulet of the gourmand (around neck)
 n - an uncursed ring of fire
 u - a ring of protection from cold (right hand)
 H - a ring of see invisible (left hand)
 S - a cursed ring of loudness {unknown}
 T - a cursed ring of loudness {unknown}
Wands
 c - a wand of flame (14/48)
 d - a wand of enslavement (1/24)
 e - a wand of random effects (15/48)
 w - a wand of digging (14/24)
 z - a wand of paralysis (0/24)
 A - a wand of random effects (25/48)
 F - a wand of random effects (28/48)
 N - a wand of polymorph (18/24)
 R - a wand of iceblast (5/15)
 U - a wand of paralysis (5/24)
Scrolls
 h - 3 scrolls of enchant armour
 i - 6 scrolls of remove curse
 j - a scroll of fear {unknown}
 m - a scroll of enchant weapon {unknown}
 t - 2 scrolls of blinking {unknown}
 y - a scroll of amnesia {unknown}
 B - 7 scrolls of teleportation
 E - a scroll of fog {unknown}
 G - a scroll of vulnerability {unknown}
 J - a scroll of acquirement {unknown}
 K - 2 scrolls of random uselessness {unknown}
 L - a scroll of magic mapping {unknown}
 M - a scroll of brand weapon {unknown}
 V - 2 scrolls of identify
Potions
 k - a potion of berserk rage
 p - a potion of resistance
 q - a potion of mutation
 v - 2 potions of lignification
 x - 3 potions of brilliance {unknown}
 Q - a potion of flight {unknown}
Comestibles
 f - 8 bread rations
 o - 4 meat rations
 D - a royal jelly
 O - 6 fruits


   Skills:
 * Level 10.1 Fighting
   Level 1.1 Short Blades
 + Level 13.0(14.6) Axes
 - Level 11.7(14.0) Maces & Flails
 * Level 8.4 Armour
 * Level 8.6 Dodging
 - Level 0.7 Stealth
 - Level 4.5 Evocations


You had 11 spell levels left.
You didn't know any spells.

Dungeon Overview and Level Annotations

Branches:
Dungeon (11/15)            Temple (1/1) D:5             Orc (2/2) D:10
    Elf (0/3) Orc:2
   Lair: D:8-11

Altars:
Ashenzari
Cheibriados
Dithmenos
Elyvilon
Fedhas
Gozag
Hepliaklqana
Kikubaaqudgha
Makhleb
Nemelex Xobeh
Okawaru
Qazlal
Ru
Sif Muna
Trog
Uskayaw
Vehumet
Wu Jian
Xom
Yredelemnul
Zin
The Shining One
Beogh

Shops:
D:6 }((?}   D:7 *   Orc:2 (

Annotations:
D:2 Sigmund
D:3 Lifeless's ghost, amateur HuFi
D:5 1 runed door
D:10 exclusion: downstairs
D:11 frost giant!


Innate Abilities, Weirdness & Mutations

You reflexively headbutt those who attack you in melee.
You have a pair of horns on your head.


Message History

You feel better.
The two-headed ogre hits you with a giant spiked club!!
* * * LOW HITPOINT WARNING * * *
The two-headed ogre barely misses you.
As you read the scroll of teleportation, it crumbles to dust.
You feel strangely unstable. The two-headed ogre closely misses you.
The two-headed ogre hits you with a giant club.
* * * LOW HITPOINT WARNING * * *
You feel better.
The two-headed ogre hits you with a giant spiked club.
* * * LOW HITPOINT WARNING * * *
The two-headed ogre hits you with a giant club.
* * * LOW HITPOINT WARNING * * *
You're too exhausted to go berserk.
Okay, then.
Your skin crawls.
You feel resistant to hostile enchantments.
You feel somewhat less full.
The two-headed ogre hits you with a giant spiked club.
You die...

#.#.# ###.........## ### ....
#.#.#.........# ##.##
...#.....#........### #...#
#...#...##.........## ##.###
#.................... #####.#.##
#...........#.#...##
##.##.....###............#....##
#...##.#.###.#...#......#.......
##.......##...O@[...............
##..........)[.>.........#......
#............))..........#......
##.#.##.#..........##.....#.##.#
########...........##....######
#.....#.......##...#
##............#.#.##
##..............##
##..#....#......#.###


You could see a two-headed ogre.

Vanquished Creatures
  6 two-headed ogres
  Erica (D:10)
  2 orc knights (Orc:2)
  Pikel (D:7)
  3 orc sorcerers
  A cyclops (D:11)
  A manticore (D:11)
  Maurice (D:10)
  A redback zombie (D:11)
  3 hippogriffs
  A wyvern (D:9)
  A vampire (D:11)
  Eustachio (D:5)
  A yak (D:10)
  Grum (D:10)
  A warg (Orc:2)
  Duvessa (D:4)
  3 ice beasts
  2 sky beasts (D:9)
  23 orc warriors
  A phantom (D:8)
  11 ogres
  3 wolves (D:10)
  5 centaurs
  Blork the orc (D:5)
  A crocodile (D:11)
  3 bullfrogs
  A water moccasin zombie (D:9)
  4 scorpions
  7 howler monkeys
  4 crimson imps
  4 bullfrog zombies
  3 centaur zombies
  A quasit (D:5)
  3 hounds
  23 orc wizards
  10 orc priests
  2 centaur skeletons
  A gnoll shaman (D:4)
  3 jellies
  A bullfrog skeleton (D:9)
  An iguana (D:10)
  4 worker ants
  A hound zombie (D:6)
  A hound skeleton (D:10)
  A worker ant zombie (D:11)
  9 gnolls (D:4)
  15 adders
  A shadow imp (D:9)
  An ooze (D:4)
  2 worms
  2 dart slugs (D:2)
  9 leopard geckos
  83 orcs
  5 giant cockroaches
  3 hobgoblins
  7 jackals
  5 kobolds
  4 quokkas
  2 ball pythons
  5 bats
  5 frilled lizards
  A giant cockroach zombie (D:6)
  5 goblins
  4 goblin zombies (D:5)
  3 hobgoblin zombies (D:5)
  A kobold zombie (D:5)
  An orc skeleton (D:5)
  3 orc zombies (D:5)
  A quokka skeleton (D:6)
  A quokka zombie (D:9)
  9 rats
342 creatures vanquished.

Vanquished Creatures (collateral kills)
  An orc sorcerer (Orc:2)
  An orc knight (Orc:2)
  2 orc warriors
  Dowan (D:4)
  A gnoll (D:4)
  3 orcs (Orc:2)
9 creatures vanquished.

Vanquished Creatures (others)
  2 slaves (D:7)
  A bullfrog (D:7)
  An orc priest (D:7)
  2 orcs
6 creatures vanquished.

Grand Total: 357 creatures vanquished

Notes
Turn   | Place    | Note
-------+----------+-------------------------------------------
     0 | D:1      | hittemvvvvvhard the Minotaur Artificer began the quest for the Orb.
     0 | D:1      | Reached XP level 1. HP: 16/16 MP: 1/1
   410 | D:1      | Reached skill level 1 in Maces & Flails
   591 | D:1      | Reached XP level 2. HP: 24/24 MP: 3/3
   895 | D:2      | Reached XP level 3. HP: 29/29 MP: 4/4
  1406 | D:2      | Reached XP level 4. HP: 37/37 MP: 5/5
  1582 | D:2      | Noticed Sigmund
  1939 | D:3      | Noticed Lifeless's ghost (amateur HuFi)
  2033 | D:4      | Reached XP level 5. HP: 34/45 MP: 6/6
  2037 | D:4      | Reached skill level 5 in Maces & Flails
  2228 | D:4      | Noticed Duvessa
  2228 | D:4      | Noticed an ogre
  2230 | D:4      | Noticed Dowan
  2235 | D:4      | Killed Duvessa
  2241 | D:4      | Killed Dowan
  2241 | D:4      | Reached XP level 6. HP: 46/52 MP: 7/7
  2603 | D:3      | HP: 2/53 [Lifeless's ghost (6)]
  2989 | D:3      | Reached skill level 5 in Fighting
  3656 | D:4      | Reached XP level 7. HP: 49/61 MP: 8/8
  4374 | D:3      | Reached skill level 1 in Armour
  4677 | D:5      | Entered Level 5 of the Dungeon
  4710 | D:5      | Found a staircase to the Ecumenical Temple.
  4730 | Temple   | Entered the Ecumenical Temple
  4831 | Temple   | Became a worshipper of Trog the Wrathful
  4852 | D:5      | Found a glowing golden altar of the Shining One.
  5021 | D:5      | Noticed Eustachio
  5560 | D:5      | Reached * piety under Trog
  5560 | D:5      | Reached XP level 8. HP: 35/70 MP: 9/9
  5896 | D:5      | Killed Eustachio
  5973 | D:5      | Found a runed door.
  6003 | D:5      | Noticed Blork the orc
  6009 | D:5      | Killed Blork the orc
  6078 | D:6      | Found Duteut's Magic Scroll Shop.
  6084 | D:6      | Noticed a hippogriff
  6098 | D:6      | Killed a hippogriff
  6628 | D:6      | Bought a scroll of identify for 26 gold pieces
  6628 | D:6      | Bought a scroll of teleportation for 39 gold pieces
  6628 | D:6      | Bought 2 scrolls of identify for 52 gold pieces
  6628 | D:6      | Bought a scroll of teleportation for 39 gold pieces
  6789 | D:6      | Found Qytass's Antique Weapon Emporium.
  6825 | D:6      | Found Dikhlyhie's Gadget Shop.
  6960 | D:6      | Found Jopistis's Gadget Boutique.
  7057 | D:6      | Found Obublopn's Antique Weapon Shop.
  7076 | D:6      | Bought a glowing dire flail for 126 gold pieces
  7145 | D:6      | Reached skill level 10 in Maces & Flails
  7145 | D:6      | Reached XP level 9. HP: 78/79 MP: 10/10
  7547 | D:7      | Reached skill level 5 in Dodging
  7673 | D:7      | Found Athriyhewk's General Store.
  7683 | D:7      | Noticed Pikel
  7694 | D:7      | Killed Pikel
  7694 | D:7      | Reached skill level 5 in Armour
  7731 | D:7      | Reached ** piety under Trog
  8677 | D:8      | Noticed a two-headed ogre
  8683 | D:8      | Killed a two-headed ogre
  8683 | D:8      | Reached XP level 10. HP: 88/88 MP: 12/12
  8937 | D:8      | Noticed a two-headed ogre
  8944 | D:8      | Killed a two-headed ogre
  8944 | D:8      | Reached skill level 4 in Axes
  9043 | D:9      | Reached skill level 5 in Axes
  9362 | D:9      | Reached skill level 6 in Axes
  9430 | D:9      | Noticed a two-headed ogre
  9436 | D:9      | Killed a two-headed ogre
  9436 | D:9      | Reached skill level 7 in Axes
  9578 | D:9      | Reached skill level 8 in Axes
  9582 | D:9      | Reached *** piety under Trog
  9907 | D:9      | Noticed a two-headed ogre
  9937 | D:9      | Killed a two-headed ogre
  9937 | D:9      | Reached skill level 9 in Axes
 10378 | D:10     | Entered Level 10 of the Dungeon
 10412 | D:10     | Reached XP level 11. HP: 84/94 MP: 13/13
 10413 | D:10     | Noticed Grum
 10415 | D:10     | Reached skill level 10 in Axes
 10422 | D:10     | Killed Grum
 10567 | D:10     | Noticed Erica
 10573 | D:10     | Killed Erica
 10813 | D:10     | Found a staircase to the Orcish Mines.
 11022 | D:10     | Noticed Maurice
 11034 | D:10     | Killed Maurice
 11034 | D:10     | Reached skill level 11 in Axes
 11842 | D:11     | Reached skill level 12 in Axes
 11848 | D:11     | Noticed a death yak
 11849 | D:11     | Noticed a death yak
 11856 | D:11     | Noticed a death yak
 12545 | D:11     | Noticed a frost giant
 12690 | Orc:1    | Entered Level 1 of the Orcish Mines
 12956 | Orc:2    | Entered Level 2 of the Orcish Mines
 12956 | Orc:2    | Found a staircase to the Elven Halls.
 12994 | Orc:2    | Noticed a two-headed ogre
 13329 | Orc:2    | Killed a two-headed ogre
 13610 | Orc:2    | Noticed an orc knight
 13902 | Orc:2    | Killed an orc knight
 13963 | Orc:2    | Noticed an orc knight
 13970 | Orc:2    | Noticed an orc sorcerer
 13987 | Orc:2    | Killed an orc sorcerer
 13993 | Orc:2    | Killed an orc knight
 14386 | Orc:2    | Noticed an orc sorcerer
 14390 | Orc:2    | Paralysed by an orc sorcerer for 7 turns
 14396 | Orc:2    | Noticed a sixfirhy
 14402 | Orc:2    | Killed an orc sorcerer
 14402 | Orc:2    | Reached XP level 12. HP: 80/105 MP: 14/14
 14534 | Orc:2    | Found a roughly hewn altar of Beogh.
 14535 | Orc:2    | Found Ononihom's Weapon Boutique.
 14553 | Orc:2    | Found a bloodstained altar of Trog.
 14556 | Orc:2    | Found a roughly hewn altar of Beogh.
 14751 | Orc:2    | Found a roughly hewn altar of Beogh.
 14974 | Orc:2    | Noticed a two-headed ogre
 14989 | Orc:2    | Killed a two-headed ogre
 15333 | Orc:2    | Reached skill level 10 in Fighting
 15774 | Orc:1    | Reached skill level 13 in Axes
 16052 | Orc:1    | Noticed a two-headed ogre
 16076 | Orc:1    | HP: 3/106 [two-headed ogre/giant spiked club (18)]
 16096 | Orc:1    | HP: 4/106 [two-headed ogre/giant spiked club (25)]
 16099 | Orc:1    | Slain by a two-headed ogre

Vault maps used:
D:1:      dpeg_arrival_short_road
D:2:      uniq_sigmund
D:3:      cheibrodos_helix_gallery
D:4:      uniq_duvessa
D:5:      nicolae_tso_besieged_by_evil, minmay_temple_entry_overgrown,
          first_bread, uniq_crazy_yiuf_cottage, uniq_blork_the_orc,
          uniq_eustachio
D:6:      serial_shops, shop, shop, kennysheep_little_box, shop,
          nicolae_shop_crystal
D:7:      serial_shops, shop, uniq_pikel
D:8:      serial_glass, glass_columns_c, glass_columns_a, glass_columns_a,
          glass_columns_b, glass_columns_b, glass_columns_a, glass_columns_b,
          glass_columns_a, glass_columns_a, glass_columns_a, glass_columns_a,
          glass_columns_a, glass_columns_a, glass_columns_c, grunt_ogre_cave
D:9:      roderic_nine_men_s_morris, st_stairs_10
D:10:     orc_0_dummy, uniq_maurice, uniq_grum, uniq_erica
D:11:     dpeg_lair_monsters, portal_ice_cave_rime, jmf_multi_god_temple
Temple:   nicolae_temple_the_god_donut
Orc:2:    grunt_orc_community_town_hall, grunt_orc_community_big_house_1,
          grunt_orc_community_big_house_1, grunt_orc_community_house_1,
          grunt_orc_community_house_1, grunt_orc_community_house_1,
          grunt_orc_community_house_3, bloody_trog

Skill      XL: |  1  2  3  4  5  6  7  8  9 10 11 12 |
---------------+-------------------------------------+-----
Maces & Flails | 1 2 3 4 5 7 8 10 11 | 11.7
Fighting       | 2 3 4 5 7 8 9 10 | 10.1
Armour         | 2 4 6 7 8 |  8.4
Dodging        | 3 4 6 7 8 |  8.6
Evocations     | 4 |  4.5
Axes           | 9 12 13 | 13.0
Short Blades   | |  1.1
Stealth        | |  0.7

Action                   |  1- 3 |  4- 6 |  7- 9 | 10-12 || total
-------------------------+-------+-------+-------+-------++-------
Melee: Mace              |    72 |   126 |    12 |       ||   210
       Short sword       |     4 |       |       |       ||     4
       Headbutt          |     8 |    20 |    76 |   118 ||   222
       Flail             |       |       |   277 |       ||   277
       Dire flail        |       |       |   124 |   119 ||   243
       Executioner's axe |       |       |       |   389 ||   389
Throw: Throwing net      |       |       |       |     1 ||     1
Invok: Berserk           |       |       |     7 |    20 ||    27
       Trog's Hand       |       |       |     2 |    27 ||    29
       Burn Spellbooks   |       |       |     1 |     1 ||     2
Evoke: Wand              |       |     9 |    15 |     6 ||    30
  Use: Scroll            |       |     4 |     8 |     2 ||    14
       Potion            |       |     2 |       |     7 ||     9
 Stab: Paralysed         |       |       |     4 |     8 ||    12
       Distracted        |       |       |       |     1 ||     1
       Betrayed ally     |       |       |       |     1 ||     1
  Eat: Chunk             |     2 |    13 |    26 |    50 ||    91
Armor: Ring mail         |    27 |    12 |       |       ||    39
       Plate armour      |       |    62 |   276 |   264 ||   602
Dodge: Dodged            |    50 |    35 |    77 |   226 ||   388
Block: Shield            |       |    32 |   129 |       ||   161
